 Dungeon Crawl Stone Soup version 0.18-a0-1773-gec4f98e (webtiles) character file.

65 epen the Slasher (level 4, -10/39 HPs)
             Began as a Naga Gladiator on Apr 14, 2016.
             Mangled by Vomeos the merfolk
             ... wielding a +1 trident of venom
             ... created by the player character
              (15 damage)
             ... on level 2 of the Dungeon.
             The game lasted 00:02:44 (1371 turns).

epen the Slasher (Naga Gladiator)                   Turns: 1371, Time: 00:02:45

Health: -10/39     AC:  5    Str: 19    XL:     4   Next: 13%
Magic:  4/4        EV:  9    Int: 15    God:
Gold:   63         SH:  0    Dex: 11    Spells: 0 memorised, 3 levels left

rFire  . . .     SeeInvis +     a - +0 long sword
rCold  . . .     Gourm    .     t - +0 ring mail
rNeg   . . .     Faith    .     (no shield)
rPois  +         Spirit   .     c - +0 helmet
rElec  .         Dismiss  .     o - +0 cloak (curse)
rCorr  .         Reflect  .     (no gloves)
SustAt .         Harm     .     (no barding)
MR     .....                    (no amulet)
Stlth  +.........               (no ring)
                                i - +2 ring of intelligence

@: brilliant, very slow, not resistant to hostile enchantments, very unstealthy
A: see invisible, deformed body, poison resistance, slowness 2, slow metabolism
1, spit poison 2, AC +1
a: Spit Poison


You were on level 2 of the Dungeon.
You were not hungry.

You visited 1 branch of the dungeon, and saw 2 of its levels.

You collected 63 gold pieces.

Inventory:

Hand Weapons
 a - a +0 long sword (weapon)
Missiles
 d - 4 throwing nets (quivered)
Armour
 b - a +0 leather armour
 c - a +0 helmet (worn)
 n - a +0 plate armour
 o - a cursed +0 cloak (worn)
 t - a +0 ring mail (worn)
Jewellery
 i - a +2 ring of intelligence (left hand)
Scrolls
 j - a scroll of noise
 r - a scroll of magic mapping
Potions
 e - a potion of cure mutation {unknown}
 g - a potion of degeneration {unknown}
 h - a potion of curing {unknown}
 k - a potion of agility {unknown}
 l - a potion of flight {unknown}
 m - a potion of lignification {unknown}
 u - a potion of mutation {unknown}
 w - a potion of invisibility {unknown}
Miscellaneous
 x - a plain deck of wonders {drawn: 2}
Comestibles
 f - 3 bread rations
 s - a meat ration
 v - a slice of pizza


   Skills:
 - Level 2.0 Fighting
 * Level 3.6 Long Blades
 - Level 1.7 Throwing
 * Level 3.2 Dodging
 + Level 2.4 Stealth


You had 3 spell levels left.
You didn't know any spells.

Dungeon Overview and Level Annotations

Branches:
Dungeon (2/15)

Altars:
Nemelex Xobeh


Innate Abilities, Weirdness & Mutations

You cannot wear boots.
Your serpentine skin is tough (AC +1).
You have supernaturally acute eyesight.
Armour fits poorly on your strangely shaped body.
Your system is resistant to poisons.
You cover ground very slowly.
You have a slow metabolism.
You can spit poison.


Message History

Read which item? (? for menu, Esc to quit)
As you read the scroll labeled COEHISO VIOMPA, it crumbles to dust.
You hear a loud clanging noise!
It was a scroll of noise.
You hear a shout!
Read which item? (? for menu, Esc to quit)
As you read the scroll labeled NETWUHA NYOXT, it crumbles to dust.
The dust glows mottled brown!
It was a scroll of random uselessness.
Vomeos hits you from afar with a trident of venom.
* * * LOW HITPOINT WARNING * * *
Read which item? (? for menu, Esc to quit)
Okay, then.
Read which item? (? for menu, Esc to quit)
Okay, then.
Okay, then.
Drink which item? (? for menu, Esc to quit)
It was a potion of brilliance.
You feel clever all of a sudden.
Vomeos hits you from afar with a trident of venom!
You die...

#).....<.....#*******,* *
#####.###....#*,,,,,,,* *
#........#*,***********
#######..#*,,..,,,,,,,,
#..#*,...,,,,,,,,
########..###.#**,,,,,,,
#..(..........# *,,,,,,,
#...........### *,,,,***
#......@....# *,,,**<*
#...........# *,,,*,,,
**##########m#### *,,,*,8,
*,...........# *,,,*,,,
*,...........###########*,,*
*,...............†......,***
*,......._...##...##....,**,
*,...........#8...8#,,,8,,,,
*,...........##...##,,,,,**,


You could see Vomeos the merfolk.

Vanquished Creatures
  Terence (D:2)
  A gnoll (D:1)
  An ooze (D:2)
  A dart slug (D:1)
  5 goblins
  3 hobgoblins
  A quokka (D:2)
  4 bats (D:1)
  A giant newt (D:1)
  3 kobolds (D:1)
  4 rats
25 creatures vanquished.

Notes
Turn   | Place    | Note
--------------------------------------------------------------
     0 | D:1      | epen the Naga Gladiator began the quest for the Orb.
     0 | D:1      | Reached XP level 1. HP: 19/19 MP: 1/1
   112 | D:1      | Reached skill level 1 in Stealth
   144 | D:1      | Reached XP level 2. HP: 22/26 MP: 2/2
   591 | D:1      | Reached XP level 3. HP: 32/32 MP: 3/3
   878 | D:2      | Noticed Terence
   886 | D:2      | Killed Terence
   891 | D:2      | Reached XP level 4. HP: 5/39 MP: 4/4
  1341 | D:2      | Found a sparkling altar of Nemelex Xobeh.
  1362 | D:2      | Noticed Vomeos
  1371 | D:2      | Mangled by Vomeos the merfolk

Vault maps used:
D:1:      dpeg_arrival_shrine, minmay_misc_feat_four_crosses
D:2:      nicolae_overflow_hidden_temple, nemelex_deck, first_bread,
          serial_corexii_hall, corexii_hall_statues_t,
          corexii_hall_statues_deadend, grunt_ministairs_4, uniq_terence

Skill      XL: |  1  2  3 |
---------------+----------+-----
Stealth        | 1 2 |  2.4
Dodging        | 3 |  3.2
Fighting       | |  2.0
Long Blades    | |  3.6
Throwing       | |  1.7

Action                   |  1- 3 |  4- 6 || total
-------------------------+-------+-------++-------
Melee: Long sword        |    64 |    15 ||    79
 Abil: Spit Poison       |     2 |       ||     2
Evoke: Deck              |       |     2 ||     2
  Use: Scroll            |       |     3 ||     3
       Potion            |       |     1 ||     1
  Eat: Chunk             |       |     1 ||     1
Armor: Leather armour    |    46 |     1 ||    47
       Ring mail         |       |     1 ||     1
Dodge: Dodged            |    61 |     7 ||    68
